Map: Ascension to Aiur LE

Players

TYTY (TY) - Winner!

  • Race: Terran Terran
  • Spawn Location: 11:00

Stats

  • Race: Protoss Protoss
  • Spawn Location: 5:00

Event: 2017 WCS Global Finals

VOD

Have the link to the VOD?

Description

Time

  • Played on: Oct. 29, 2017, 2:46 p.m.
  • Length: 14:49

All games in this series

Show
View Real Time Build Order
Export as new Build Order

TYTY Terran - Winner!

Build Orders: Gas First Reaper Expand, Reaper Expand, MMM Bio 

Get SALT Encoding   

  12  0:00  SCV  
  13  0:12  SCV  
  14  0:17  Supply Depot  
  14  0:24  SCV  
  15  0:28  Refinery  
  15  0:38  SCV  
  16  0:44  Barracks  
  16  0:50  SCV  
  17  1:02  SCV  
  18  1:15  SCV  
  19  1:30  Orbital Command  
  19  1:31  Reaper  
  20  1:43  Command Center  
  20  1:54  Factory  
  20  1:58  SCV  
  21  2:05  Supply Depot  
  21  2:07  Barracks Reactor  
  21  2:12  SCV  
  22  2:17  Refinery  
  22  2:25  SCV  
  23  2:37  SCV  
  23  2:43  Starport, Marine x2  
  26  2:49  Factory Tech Lab  
  26  2:50  SCV  
  27  3:00  Orbital Command  
  27  3:02  SCV, Marine x2  
  30  3:14  SCV  
  30  3:16  Widow Mine  
  33  3:20  Marine x2  
  33  3:25  SCV  
  33  3:26  SCV  
  37  3:28  Viking  
  39  3:37  SCV, Marine  
  39  3:38  Marine  
  39  3:39  SCV  
  39  3:40  Supply Depot  
  43  3:50  SCV  
  43  3:51  SCV  
  45  3:55  Marine  
  45  4:01  Marine  
  45  4:02  SCV  
  50  4:03  SCV  
  51  4:12  Command Center  
  51  4:15  SCV x2  
  50  4:21  Siege Tank  
  50  4:22  Supply Depot  
  53  4:27  SCV  
  53  4:31  Bunker  
  54  4:32  Supply Depot  
  54  4:39  Starport Tech Lab  
  54  4:41  SCV  
  54  4:43  SCV, Marine x2  
  55  4:54  SCV  
  55  4:57  SCV  
  59  5:05  Starport Reactor  
  59  5:06  Barracks  
  59  5:07  Barracks, SCV  
  56  5:09  SCV  
  56  5:12  Barracks, Factory Reactor  
  56  5:14  Marine  
  58  5:15  Stimpack  
  58  5:16  Engineering Bay  
  58  5:20  SCV  
  60  5:23  SCV  
  60  5:26  Orbital Command  
  61  5:31  Refinery  
  61  5:32  SCV  
  61  5:34  Marine  
  63  5:35  SCV  
  63  5:37  Barracks x2  
  63  5:38  Supply Depot  
  63  5:40  Supply Depot  
  63  5:42  Medivac x2  
  66  5:44  Terran Infantry Weapons Level 1  
  66  5:45  SCV  
  69  5:50  Refinery, Missile Turret  
  69  5:51  SCV  
  69  5:52  Orbital Command, Marine  
  69  5:56  Widow Mine x2  
  73  5:59  SCV  
  73  6:03  SCV, Marine x2  
  79  6:05  Marauder  
  79  6:10  Marauder  
  83  6:11  SCV  
  83  6:15  Medivac x2, SCV  
  83  6:17  SCV  
  90  6:20  Marine x2  
  90  6:21  Supply Depot  
  90  6:24  SCV  
  93  6:26  Barracks Tech Lab, Barracks Reactor, Marine  
  93  6:27  SCV  
  93  6:28  Supply Depot  
  93  6:30  SCV  
  93  6:31  Widow Mine, Marine  
  93  6:32  Widow Mine  
  101  6:35  Liberator  
  101  6:36  SCV  
  101  6:39  Liberator  
  101  6:41  Supply Depot  
  101  6:42  Supply Depot, Missile Turret, SCV, Marine x2  
  101  6:43  SCV  
  101  6:44  Marine  
  106  6:49  SCV, Marine  
  111  6:54  SCV  
  111  6:57  Marine  
  111  7:00  Marine  
  117  7:02  Supply Depot, Marine x2  
  117  7:03  Refinery  
  117  7:04  Marine  
  117  7:05  Supply Depot  
  117  7:06  SCV  
  117  7:07  SCV  
  117  7:08  SCV  
  123  7:10  Refinery  
  123  7:11  Supply Depot  
  123  7:18  Liberator  
  123  7:19  SCV  
  123  7:20  Marine x3  
  123  7:21  Supply Depot  
  123  7:22  Liberator  
  127  7:23  Supply Depot  
  127  7:25  Marauder x2  
  130  7:31  Marine x2  
  130  7:34  Supply Depot  
  133  7:38  Marine x2  
  133  7:42  Missile Turret  
  133  7:43  Missile Turret  
  138  7:47  Armory  
  138  7:49  Marine x2  
  138  7:51  SCV x2  
  142  7:53  SCV, Marine x2  
  132  8:03  SCV x2  
  132  8:05  SCV  
  124  8:07  Marauder x2  
  127  8:13  Combat Shields  
  127  8:14  Concussive Shells  
  127  8:15  SCV x2  
  127  8:17  SCV  
  130  8:24  Engineering Bay  
  130  8:27  SCV x2  
  130  8:29  SCV  
  130  8:30  Marauder x2  
  130  8:33  Marine  
  130  8:34  Liberator, Marine x2  
  139  8:39  Viking, SCV x2  
  144  8:41  SCV  
  147  8:48  Marauder  
  147  8:50  Marine  
  147  8:51  SCV, Marine  
  147  8:52  Marauder, SCV, Terran Infantry Weapons Level 2  
  147  8:54  Liberator  
  149  8:56  SCV  
  148  9:03  SCV  
  148  9:04  SCV  
  148  9:05  Engineering Bay  
  148  9:07  Marauder, Marine  
  148  9:08  SCV  
  156  9:10  Marauder  
  156  9:16  SCV x2  
  161  9:23  Supply Depot  
  162  9:25  Marauder, Marine x3  
  162  9:27  Terran Infantry Armor Level 1  
  162  9:28  SCV x2  
  162  9:29  Marauder  
  170  9:32  Marine x2  
  170  9:35  SCV  
  173  9:40  SCV x2  
  171  9:46  Marine x2  
  171  9:49  Command Center  
  173  9:59  Marine x2  
  172  10:04  Supply Depot x2  
  172  10:05  Supply Depot  
  172  10:06  Marine  
  173  10:07  Marine  
  173  10:09  Marauder  
  173  10:10  Marauder  
  166  10:16  Starport  
  166  10:17  SCV x2, Marine x3  
  161  10:24  Marine  
  161  10:25  Marine  
  161  10:26  SCV  
  157  10:30  Marine  
  157  10:31  Marine  
  157  10:34  Marine  
  152  10:36  Terran Ship Weapons Level 1  
  152  10:38  Medivac x2  
  152  10:41  Marine x2  
  150  10:48  Marauder  
  150  10:49  Marauder  
  151  10:52  Ghost Academy  
  155  11:00  Planetary Fortress  
  155  11:02  Sensor Tower  
  155  11:03  Viking x2  
  152  11:07  SCV x3  
  152  11:08  Viking x2  
  157  11:16  Marine  
  157  11:17  Marine x2  
  161  11:19  Marine x2  
  161  11:21  Ghost x2  
  165  11:33  Viking x2  
  165  11:34  Marine x2  
  165  11:36  Terran Infantry Weapons Level 3, Ghost  
  165  11:38  Terran Infantry Armor Level 2  
  173  11:42  Viking  
  176  11:49  Ghost  
  162  12:16  Marine x2  
  162  12:17  Marauder x2  
  162  12:21  Orbital Command  
  162  12:22  Liberator x3  
  157  12:24  Liberator  
  157  12:26  SCV x2  
  154  12:37  Marine  
  163  12:44  Command Center  
  163  12:49  SCV x2  
  163  12:51  SCV  
  166  12:55  Marine x3  
  169  13:01  SCV  
  169  13:03  Marine  
  169  13:05  Liberator  
  165  13:13  Marauder, Marine x2  
  165  13:14  Marauder  
  165  13:17  Marine x2  
  165  13:18  SCV  
  174  13:20  Liberator x2  
  174  13:21  Marine  
  174  13:31  Marine  
  174  13:33  Marine  
  177  13:34  Marine x2  
  177  13:35  Marine  
  177  13:37  Sensor Tower, Refinery  
  177  13:38  Refinery  
  177  13:39  Liberator  
  185  13:51  Supply Depot  
  185  13:52  SCV  
  185  13:53  Marine x2  
  189  13:56  Marine x2  
  189  13:59  Marine  
  189  14:00  Marauder x2  
  198  14:11  Marine  
  199  14:30  Marine x3  
Show
View Real Time Build Order
Export as new Build Order

Stats Protoss 

Build Orders: 1 Gate Expand, Oracle Opening 

Get SALT Encoding   

  12  0:00  Probe (Chrono Boost)  
  13  0:11  Probe (Chrono Boost)  
  14  0:17  Pylon  
  14  0:22  Probe (Chrono Boost)  
  16  0:35  Gateway, Probe (Chrono Boost)  
  16  0:46  Probe (Chrono Boost)  
  16  0:47  Assimilator  
  17  0:57  Probe (Chrono Boost)  
  18  1:07  Probe (Chrono Boost)  
  19  1:18  Probe (Chrono Boost)  
  20  1:24  Nexus  
  20  1:32  Cybernetics Core  
  20  1:35  Probe (Chrono Boost)  
  21  1:40  Assimilator  
  21  1:45  Probe (Chrono Boost)  
  22  1:51  Pylon  
  22  1:56  Probe (Chrono Boost)  
  23  2:09  Warp Gate, Probe  
  23  2:10  Adept (Chrono Boost)  
  26  2:21  Probe  
  27  2:26  Stargate  
  27  2:33  Adept (Chrono Boost), Probe  
  27  2:35  Probe  
  31  2:46  Probe x2  
  33  2:56  Probe  
  33  2:58  Probe  
  35  3:09  Oracle (Chrono Boost), Probe  
  35  3:10  Probe  
  40  3:13  Gateway  
  40  3:15  Gateway  
  40  3:20  Probe  
  40  3:22  Probe  
  42  3:31  Probe, Pylon  
  43  3:34  Probe  
  44  3:45  Probe  
  44  3:46  Pylon  
  44  3:47  Probe  
  46  3:49  Oracle (Chrono Boost)  
  49  4:11  Probe  
  49  4:12  Stalker x3  
  49  4:13  Probe  
  57  4:20  Nexus  
  57  4:22  Phoenix (Chrono Boost)  
  57  4:23  Pylon  
  59  4:29  Assimilator x2  
  57  4:42  Stalker  
  57  4:43  Stalker x2, Probe  
  57  4:44  Probe  
  63  4:53  Probe (Chrono Boost)  
  63  4:56  Probe (Chrono Boost)  
  65  5:01  Robotics Facility  
  65  5:06  Probe (Chrono Boost)  
  66  5:08  Probe (Chrono Boost)  
  67  5:20  Twilight Council  
  67  5:21  Forge  
  67  5:27  Phoenix  
  67  5:28  Pylon  
  67  5:32  Gateway  
  67  5:34  Gateway x2  
  67  5:38  Gateway  
  67  5:40  Gateway  
  67  5:42  Probe (Chrono Boost)  
  67  5:44  Mothership Core (Chrono Boost)  
  67  5:45  Probe (Chrono Boost)  
  71  5:52  Warp Prism (Chrono Boost)  
  71  5:53  Resonating Glaives (Chrono Boost)  
  71  5:55  Probe x2  
  75  6:02  Sentry x3  
  75  6:04  Protoss Ground Weapons Level 1  
  81  6:05  Probe  
  81  6:11  Probe x2  
  84  6:16  Pylon  
  84  6:17  Probe  
  85  6:20  Pylon  
  85  6:23  Probe x2  
  87  6:29  Probe  
  88  6:37  Probe x2  
  90  6:47  Adept x6  
  90  6:48  Adept x2  
  90  6:49  Observer (Chrono Boost)  
  90  6:54  Pylon  
  107  6:55  Pylon  
  107  6:56  Pylon  
  107  7:12  Adept x5  
  107  7:13  Adept x3  
  121  7:25  Blink  
  121  7:32  Pylon  
  121  7:33  Adept x4  
  121  7:34  Adept x2  
  121  7:35  Pylon  
  133  7:38  Assimilator  
  133  7:42  Assimilator  
  133  7:46  Protoss Ground Armor Level 1  
  101  8:06  Adept x7  
  101  8:07  Adept  
  101  8:11  Probe  
  101  8:12  Probe x2  
  108  8:18  Robotics Bay  
  108  8:24  Probe x3  
  111  8:27  Robotics Facility  
  111  8:29  Adept x4  
  111  8:30  Adept  
  119  8:37  Adept x3  
  119  8:38  Adept  
  117  8:59  Adept x8  
  119  9:07  Colossus (Chrono Boost)  
  125  9:14  Colossus (Chrono Boost)  
  131  9:31  Adept x3  
  131  9:32  Adept x2  
  131  9:35  Pylon  
  131  9:37  Pylon  
  141  9:38  Pylon  
  139  9:58  Probe x2  
  139  9:59  Probe  
  144  10:00  Colossus (Chrono Boost)  
  144  10:02  Adept x3  
  144  10:03  Adept  
  152  10:10  Stalker x2  
  152  10:11  Stalker  
  150  10:21  Adept  
  150  10:24  Colossus (Chrono Boost)  
  158  10:32  Robotics Bay  
  158  10:33  Protoss Ground Weapons Level 2  
  154  10:43  Adept x5  
  154  10:48  Pylon x2  
  164  10:50  Pylon  
  164  10:51  Templar Archives  
  164  11:04  Warp Prism (Chrono Boost)  
  166  11:12  Observer (Chrono Boost)  
  166  11:15  Nexus  
  166  11:17  Stalker x3  
  166  11:18  Pylon  
  173  11:22  Extended Thermal Lance (Chrono Boost)  
  171  11:36  Adept x5  
  181  11:41  Psionic Storm  
  181  11:45  Charge  
  175  11:57  Fleet Beacon  
  175  11:58  Stargate  
  175  12:14  Colossus (Chrono Boost)  
  155  12:17  Adept x5  
  129  12:23  Adept x2  
  129  12:24  Adept x2  
  107  12:33  Colossus (Chrono Boost)  
  109  12:47  Adept x2, Sentry  
  109  12:48  Adept  
  117  12:56  High Templar  
  119  12:59  High Templar  
  119  13:00  Probe  
  119  13:01  Probe x3  
  119  13:04  Assimilator  
  125  13:08  Assimilator  
  125  13:25  High Templar x3  
  129  13:32  Adept x3  
  129  13:34  Adept x2  
  131  13:52  Immortal x2 (Chrono Boost)  
  139  14:02  Stalker x5  
  149  14:03  Stalker x2  
  149  14:04  Adept  
  153  14:25  Adept x4  
  153  14:26  Adept x4  
  153  14:29  Archon  
  153  14:30  Archon  
Tags
 
Add a new tag
Caveats
  • Supply blocks, unpowered buildings, or Contaminate may cause inaccurate times.
  • Supply counts are checked every 10 seconds.